 Dungeon Crawl Stone Soup version 0.21.0-37-g46506fa (webtiles) character file.

60 MrLeft the Skirmisher (level 3, -7/30 HPs)
             Began as a Demonspawn Abyssal Knight on Jan 31, 2018.
             Was a Believer of Lugonu.
             Killed by divine providence
             ... invoked by an orc priest
              (8 damage)
             ... on level 4 of the Dungeon.
             The game lasted 00:10:19 (1694 turns).

MrLeft the Skirmisher (Demonspawn Abyssal Knight)   Turns: 1694, Time: 00:10:20

Health: -7/30      AC:  6    Str: 13    XL:     3   Next: 82%
Magic:  4/4        EV:  9    Int: 13    God:    Lugonu [**....]
Gold:   93         SH:  3    Dex: 12    Spells: 2/2 levels left

rFire    . . .     SeeInvis .   a - +1 mace
rCold    . . .     Gourm    .   m - +0 buckler
rNeg     . . .     Faith    .   e - +1 ring mail
rPois    +         Spirit   .   (helmet restricted)
rElec    .         Reflect  .   (no cloak)
rCorr    .         Harm     .   (no gloves)
MR       .....                  (no boots)
Stlth    +.........             (no amulet)
HPRegen  0.10/turn              h - ring of poison resistance
MPRegen  0.09/turn              (no ring)

@: lethally poisoned (-7 -> -15)
A: antennae 1
a: Depart the Abyss, Bend Space, Renounce Religion


You were on level 4 of the Dungeon.
You worshipped Lugonu.
Lugonu was pleased with you.
You were hungry.

You visited 1 branch of the dungeon, and saw 4 of its levels.
You visited the Abyss 1 time.

You collected 93 gold pieces.

Inventory:

Hand Weapons
 a - a +1 mace (weapon)
 f - a +0 mace
 g - a +0 short sword
 i - a +0 mace
 q - a +0 whip
 s - a +0 short sword
 t - a +0 flail
Missiles
 d - 33 sling bullets
 j - 26 arrows
 k - 41 bolts
Armour
 b - a +0 leather armour
 e - a +1 ring mail (worn)
 m - a +0 buckler (worn)
 n - a +0 robe
 u - a +0 leather armour
Jewellery
 h - a ring of poison resistance (left hand)
Scrolls
 o - a scroll of amnesia {unknown}
Potions
 l - a potion of lignification {unknown}
 p - a potion of heal wounds {unknown}
Comestibles
 c - 3 rations
 r - 7 chunks of flesh


   Skills:
 + Level 3.8 Fighting
 + Level 2.5 Maces & Flails
 + Level 2.4 Armour
 + Level 0.9 Dodging
 + Level 2.4 Invocations


You had 2 spell levels left.
You didn't know any spells.

Dungeon Overview and Level Annotations

Branches:
Dungeon (4/15)
 Temple: D:4-7

Altars:
Ashenzari


Innate Abilities, Weirdness & Mutations

You have a pair of small antennae on your head.


Message History

You hit the orc.
You kill the orc!
Lugonu accepts your kill. The orc completely misses you.
The orc hits you with a dagger of venom.
You are lethally poisoned!
The orc completely misses you.
An orc comes into view. It is wielding a flail.
You closely miss the orc priest.
* * * LOW HITPOINT WARNING * * *
You feel sick. The orc closely misses you.
The orc priest calls down the wrath of Beogh upon you.
Pain shoots through your body!
* * * LOW HITPOINT WARNING * * *
The orc hits you but does no damage. x2
The orc hits you with a dagger of venom.
* * * LOW HITPOINT WARNING * * *
The orc priest invokes the aid of Beogh against you.
Beogh smites you!
You die...

#.# ## ...o.. ..#
.....# #.# #.##.#
#.. #.##o# #.#
#.##.# #.# #
#o##.###.###
.####.#o@o.......#
.......o.......#.#
#####.#####.##.#
#. #.##.# # #.##.#
..##.# .....#
#######


You could see an orc priest and 3 orcs.

Vanquished Creatures
  2 adders
  An ooze (D:1)
  3 worms
  A dart slug (D:3)
  2 leopard geckos
  2 orcs
  4 bats
  2 giant cockroaches (D:3)
  3 hobgoblins
  A frilled lizard (D:3)
  3 kobolds (D:3)
  2 rats
26 creatures vanquished.

Notes
Turn   | Place    | Note
-------+----------+-------------------------------------------
     0 | Abyss:1  | MrLeft the Demonspawn Abyssal Knight began the quest for the Orb.
     0 | Abyss:1  | Reached XP level 1. HP: 18/18 MP: 2/2
     9 | D:1      | Escaped the Abyss
   304 | D:1      | Gained mutation: You have a pair of small antennae on your head. [demonic ancestry]
   304 | D:1      | Reached XP level 2. HP: 15/24 MP: 3/3
   702 | D:2      | Found a shattered altar of Ashenzari.
   947 | D:2      | Reached XP level 3. HP: 21/30 MP: 4/4
  1498 | D:3      | Reached ** piety under Lugonu
  1694 | D:4      | HP: 1/30 [orc/dagger of venom (5)]
  1694 | D:4      | Killed from afar by an orc priest

Skill      XL: |  1  2 |
---------------+-------+-----
Maces & Flails | 2 |  2.5
Armour         | 2 |  2.4
Fighting       | |  3.8
Dodging        | |  0.9
Invocations    | |  2.4

Action                   || total
-------------------------++-------
Melee: Mace              ||   104
  Use: Scroll            ||     3
  Eat: Chunk             ||     2
Armor: Leather armour    ||     8
       Ring mail         ||    72
Dodge: Dodged            ||    90
Block: Buckler           ||    12
